[Event "*** Titled Tuesday Blitz"]
[Site "Chess.com"]
[Date "2020.05.12"]
[Round "5"]
[White "GMsKoRPioN"]
[Black "Sethu0025"]
[Result "1-0"]
[WhiteElo "2469"]
[BlackElo "2727"]
[TimeControl "180+1"]
[EndTime "10:53:19 PDT"]
[Termination "GMsKoRPioN won by resignation"]

1. d4 Nf6 2. c4 e6 3. Nc3 Bb4 4. Qc2 O-O 5. a3 Bxc3+ 6. Qxc3 d5 7. Nf3 dxc4 8. Qxc4 b6 9. g3 Ba6 10. Qa4 Bb7 11.
Bg2 Nbd7 12. b4 a5 13. b5 Rc8 14. O-O c6 15. Bg5 h6 16. Bxf6 Qxf6 17. Ne5 Nxe5 18. dxe5 Qxe5 19. bxc6 Ba6 20. Rfe1 Bb5 21. Qb3 Bxc6 22.
Qxb6 Bxg2 23. Kxg2 Rc2 24. Rab1 Rd8 25. Qxd8+ Kh7 26.
Qd3+ f5 27. Qxc2 Qd5+ 28. Kg1 1-0

[Event "*** Titled Tuesday Blitz"]
[Site "Chess.com"]
[Date "2020.05.12"]
[Round "5"]
[White "Chess2019Player"]
[Black "DanielTitichoca"]
[Result "0-1"]
[WhiteElo "2184"]
[BlackElo "2353"]
[TimeControl "180+1"]
[EndTime "10:53:20 PDT"]
[Termination "DanielTitichoca won on time"]

1. e4 g6 2. d4 Bg7 3. Nc3 d6 4.
g3 a6 5. a4 b6 6. Bg2 Bb7 7. Nge2 Nf6 8. O-O c5 9. h3 cxd4 10.
Nxd4 O-O 11. Be3 Nbd7 12. Qd2 Nc5 13. Nd5 Nfxe4 14. Qe2 Bxd5 15. b4 Nc3 16. Qe1 Bxg2 17. Kxg2 N5xa4 18. Ra3 Qc7 19. Kh2 b5 20. Nf3 Nd5 21.
Bc1 Qxc2 0-1

[Event "*** Titled Tuesday Blitz"]
[Site "Chess.com"]
[Date "2020.05.12"]
[Round "5"]
[White "mortngabriel"]
[Black "wonderfultime"]
[Result "0-1"]
[WhiteElo "2444"]
[BlackElo "2932"]
[TimeControl "180+1"]
[EndTime "10:53:22 PDT"]
[Termination "wonderfultime won by resignation"]

1. d4 d5 2. c4 c6 3. cxd5 cxd5 4. Nc3 Nf6 5. Bf4 Nc6 6. e3 a6 7. Bd3 Bg4 8. Nge2 e6 9. O-O Bd6 10. f3 Bh5 11. Rc1 O-O 12. Na4 Qe7 13. a3 e5 14. dxe5 Nxe5 15. Nd4 Bg6 16. Nf5 Bxf5 17. Bxf5 Rad8 18. Bg5 h6 19. Bh4 Nc4 20. Bxf6 Qxf6 21. Qd3 Rfe8 22. e4 Bf4 23. Rce1 b5 24. Nc3 dxe4 25.
Nxe4 Qb6+ 0-1

[Event "*** Titled Tuesday Blitz"]
[Site "Chess.com"]
[Date "2020.05.12"]
[Round "5"]
[White "pedromartinez91"]
[Black "tufferguy"]
[Result "0-1"]
[WhiteElo "2496"]
[BlackElo "2377"]
[TimeControl "180+1"]
[EndTime "10:53:24 PDT"]
[Termination "tufferguy won by resignation"]

1. b3 e5 2. Bb2 Nc6 3. e3 Nf6 4. Bb5 e4 5. f3 d5 6. fxe4 dxe4 7. Ne2 Bd6 8. O-O Bxh2+ 9. Kxh2 Ng4+ 10. Kg1 Qh4 11.
Bxc6+ bxc6 12. Be5 Nxe5 13. Qe1 Qg4 14. Rf4 Nf3+ 15.
Kf2 Nxe1 16. Rxg4 Bxg4 17. Kxe1 Bxe2 18. Kxe2 f5 19. Nc3 Ke7 20. Rf1 Raf8 21. b4 h5 22. Kf2 g5 23. Ne2 h4 24. Nd4 f4 25. Re1 f3 26.
Nxc6+ Kd6 27. Nd4 g4 28. gxf3 exf3 29. e4 g3+ 30. Ke3 f2 31. Rb1 g2 32. Nf5+ Rxf5 33. exf5 0-1

[Event "*** Titled Tuesday Blitz"]
[Site "Chess.com"]
[Date "2020.05.12"]
[Round "5"]
[White "Aikiigm"]
[Black "barbara25"]
[Result "1-0"]
[WhiteElo "2492"]
[BlackElo "2306"]
[TimeControl "180+1"]
[EndTime "10:53:24 PDT"]
[Termination "Aikiigm won by resignation"]

1. f4 Nf6 2. g3 e6 3. Bg2 d5 4. d3 g6 5. c3 Bg7 6. Na3 O-O 7.
Nc2 c5 8. Nf3 Nc6 9. O-O b6 10.
Rb1 Bb7 11. h3 Rc8 12. Qe1 Nd7 13. e4 dxe4 14. dxe4 f5 15. e5 Qe7 16. Be3 c4 17. Nfd4 Nc5 18. Nxc6 Bxc6 19. Bxc6 Rxc6 20. Bxc5 Rxc5 21. Nd4 g5 22. Rd1 h5 23. Kh2 gxf4 24. gxf4 Kh7 25. Rg1 Bh6 26. Qf2 Rcc8 27. Rg2 Rg8 28.
Rdg1 a6 29. a4 h4 30. Qf3 Rxg2+ 31. Rxg2 Rg8 32. Rxg8 Kxg8 33. Kg2 Kh7 34. Kf2 Qd7 35. Qh5 Qxa4 36. Qf7+ Kh8 37. Qxe6 Qd1 38. Qxh6+ 1-0

[Event "*** Titled Tuesday Blitz"]
[Site "Chess.com"]
[Date "2020.05.12"]
[Round "5"]
[White "harkerchess"]
[Black "PenguinPacks"]
[Result "1-0"]
[WhiteElo "1997"]
[BlackElo "2276"]
[TimeControl "180+1"]
[EndTime "10:53:26 PDT"]
[Termination "harkerchess won by resignation"]

1. d4 Nf6 2. Bg5 e6 3. e4 c5 4. e5 h6 5. Bh4 g5 6. Bg3 Ne4 7. c3 cxd4 8. cxd4 d6 9. d5 Qa5+ 10. Nd2 Qxd5 11. Rc1 Nc6 12. Bc4 Qxd2+ 13. Qxd2 Nxd2 14.
Kxd2 dxe5 15. Bb5 f6 16. Rxc6 bxc6 17. Bxc6+ Kf7 18. Bxa8 Ba6 19. Bf3 Bb4+ 20. Kc2 Rc8+ 21. Kb3 Bd2 22. Be2 Bb7 23. Nf3 Bd5+ 24. Ka3 Rc5 25. Nxd2 Rc2 26. Rd1 Rc5 27. Nb3 1-0

[Event "*** Titled Tuesday Blitz"]
[Site "Chess.com"]
[Date "2020.05.12"]
[Round "5"]
[White "Gennady_Kozlov"]
[Black "pheonixking2000"]
[Result "1-0"]
[WhiteElo "2610"]
[BlackElo "2802"]
[TimeControl "180+1"]
[EndTime "10:53:28 PDT"]
[Termination "Gennady_Kozlov won by resignation"]

1. b3 Nf6 2. Bb2 b6 3. e3 Bb7 4. f4 g6 5. Nf3 Bg7 6. Be2 O-O 7. O-O c5 8. a4 Nc6 9. d3 d6 10. Qe1 Qc7 11. Nbd2 Rae8 12. Nc4 e5 13. fxe5 Nxe5 14. Nfxe5 dxe5 15. e4 Nd7 16. Bg4 Nf6 17. Qh4 Nxg4 18. Qxg4 f6 19. Rf3 Bc8 20. Qh4 Be6 21. Raf1 Qe7 22.
Bc1 h5 23. Qg3 Kh7 24. Ne3 Qd7 25. Qh4 Kg8 26. Rg3 Qf7 27. Nf5 Bxf5 28. exf5 g5 29. Bxg5 fxg5 30. Rxg5 Qe7 31. Qxh5 e4 32. f6 Rxf6 33.
Rxf6 exd3 34. Rxg7+ 1-0

[Event "*** Titled Tuesday Blitz"]
[Site "Chess.com"]
[Date "2020.05.12"]
[Round "5"]
[White "Godzillator"]
[Black "jacky72"]
[Result "0-1"]
[WhiteElo "2463"]
[BlackElo "2658"]
[TimeControl "180+1"]
[EndTime "10:53:31 PDT"]
[Termination "jacky72 won by resignation"]

1. d4 Nf6 2. c4 g6 3. Nc3 Bg7 4. e4 O-O 5. Be2 d6 6. Bg5 Na6 7. f4 c5 8. d5 h6 9. Bh4 Qa5 10. Qd2 Nc7 11. Nf3 a6 12. a4 b5 13. cxb5 axb5 14.
e5 b4 15. exf6 bxc3 16. bxc3 exf6 17. O-O Bd7 18. Rfb1 Rfb8 19. Bd1 f5 20. Be1 c4 21. Rxb8+ Rxb8 22. Be2 Nxd5 23. Ra3 Rb3 24. Rxb3 cxb3 25. c4 Qxd2 26. Bxd2 b2 27. Bd3 Nb6 28. a5 Nxc4 29. a6 Na3 30. a7 Bc6 31. Nd4 0-1

[Event "*** Titled Tuesday Blitz"]
[Site "Chess.com"]
[Date "2020.05.12"]
[Round "5"]
[White "JonahWillow"]
[Black "Alomaterapia"]
[Result "1-0"]
[WhiteElo "2692"]
[BlackElo "2475"]
[TimeControl "180+1"]
[EndTime "10:53:33 PDT"]
[Termination "JonahWillow won by resignation"]

1. e4 c6 2. d4 d5 3. Nc3 dxe4 4.
Nxe4 Nf6 5. Nxf6+ exf6 6. c3 Bd6 7. Bd3 Qc7 8. Qc2 Be6 9. Ne2 Nd7 10. Be3 O-O-O 11.
O-O-O c5 12. Kb1 Kb8 13. Rhe1 Rhe8 14. Qa4 Bd5 15. dxc5 Nxc5 16. Bxc5 Bxc5 17. Nf4 Rxe1 18. Rxe1 Bc6 19. Qc4 Bxf2 20. Rf1 b5 21. Qb4 a5 22.
Qb3 Qxf4 23. Bxb5 Bb7 24. Bc6 Qf5+ 25. Ka1 Qc8 26. Bxb7 Qxb7 27. Rxf2 a4 28. Qxa4 Qa7 29. Qxa7+ Kxa7 30. b4 1-0

[Event "*** Titled Tuesday Blitz"]
[Site "Chess.com"]
[Date "2020.05.12"]
[Round "5"]
[White "VladDobrov"]
[Black "Msb2"]
[Result "0-1"]
[WhiteElo "2764"]
[BlackElo "2918"]
[TimeControl "180+1"]
[EndTime "10:53:36 PDT"]
[Termination "Msb2 won by resignation"]

1. Nf3 d5 2. d4 Nf6 3. c4 c6 4. Nc3 dxc4 5. a4 Bf5 6. Nh4 e6 7. Nxf5 exf5 8. Bg5 Bb4 9. e3 h6 10. Bh4 Qe7 11. Bxc4 g5 12. Bg3 f4 13. O-O fxg3 14.
fxg3 Nbd7 15. e4 O-O-O 16. Qb3 Nb6 17. Bxf7 Rxd4 18. Be6+ Kb8 19. a5 Nbd7 20. e5 Nxe5 21. Rae1 Nd3 22. Re2 Nc5 23. Qa2 Nce4 24. a6 Bxc3 25.
axb7 Bb4 26. Bc8 Qc5 27. Kh1 Rhd8 0-1

[Event "*** Titled Tuesday Blitz"]
[Site "Chess.com"]
[Date "2020.05.12"]
[Round "5"]
[White "Filip_Covic"]
[Black "pirulillo"]
[Result "1-0"]
[WhiteElo "2464"]
[BlackElo "2193"]
[TimeControl "180+1"]
[EndTime "10:53:39 PDT"]
[Termination "Filip_Covic won by checkmate"]

1. Nf3 g6 2. c4 Bg7 3. Nc3 Nf6 4. e4 d6 5. g3 O-O 6. Bg2 c5 7. O-O Nc6 8. d4 cxd4 9. Nxd4 Nxd4 10. Qxd4 a6 11.
Qd3 Qc7 12. b3 Be6 13. Bb2 Nd7 14. Qd2 Rac8 15. f4 f6 16. Nd5 Bxd5 17. exd5 Rce8 18. Rfe1 f5 19. Bxg7 Kxg7 20. Re6 Nc5 21. Re3 a5 22. Rae1 Rf7 23. Qd4+ Kg8 24. h4 b6 25. h5 Rg7 26.
h6 Rf7 27. Bh3 Na6 28. g4 Qc5 29. Qc3 e5 30. Kh1 Rfe7 31. gxf5 gxf5 32. fxe5 dxe5 33. Rxe5 Rxe5 34. Rxe5 Rxe5 35. Qxe5 Qf2 36. Qg7# 1-0

[Event "*** Titled Tuesday Blitz"]
[Site "Chess.com"]
[Date "2020.05.12"]
[Round "5"]
[White "tylityli"]
[Black "beto-betun"]
[Result "0-1"]
[WhiteElo "2313"]
[BlackElo "2135"]
[TimeControl "180+1"]
[EndTime "10:53:44 PDT"]
[Termination "beto-betun won by resignation"]

1. e4 c5 2. Nf3 d6 3. d4 cxd4 4. Nxd4 Nf6 5. Nc3 a6 6. Be2 e5 7. Nb3 Be7 8. a4 O-O 9. Be3 Be6 10. O-O Nc6 11. f4 exf4 12. Bxf4 d5 13. e5 Ne4 14.
Nxe4 dxe4 15. Qxd8 Raxd8 16. Rad1 Bxb3 17. cxb3 Nd4 18. Bc4 b5 19. Be3 Nc2 20. Rxd8 Bxd8 21. Bc5 bxc4 22. Bxf8 Kxf8 23. bxc4 Bb6+ 24. Kh1 Ke7 25. Rc1 Nb4 26. c5 Bc7 27. c6 Nd3 28. Rc4 e3 29. Rc2 Nxe5 30. Kg1 Kd6 31. Rc3 e2 32. Kf2 Ba5 33.
c7 e1=Q+ 34. Kxe1 Bxc3+ 35. bxc3 Kxc7 36. Ke2 Kd6 37. Ke3 Kc5 38. Ke4 f6 39. Kf5 Kc4 0-1

[Event "*** Titled Tuesday Blitz"]
[Site "Chess.com"]
[Date "2020.05.12"]
[Round "5"]
[White "Sven_Tica"]
[Black "lifeissofun"]
[Result "1-0"]
[WhiteElo "2642"]
[BlackElo "2347"]
[TimeControl "180+1"]
[EndTime "10:53:45 PDT"]
[Termination "Sven_Tica won by checkmate"]

1. d4 Nf6 2. c4 e6 3. g3 d5 4. Bg2 Bb4+ 5. Bd2 Be7 6. Nf3 O-O 7. O-O Nc6 8. e3 Ne4 9. Qc2 Nxd2 10. Nbxd2 Nb4 11. Qb3 c5 12. a3 Nc6 13. cxd5 exd5 14.
dxc5 Bxc5 15. Rac1 Bb6 16. Rfd1 Be6 17. Qa4 Qe7 18. Nb3 Rfd8 19. Nbd4 Nxd4 20. Nxd4 Bg4 21. Rd2 Rac8 22. Rxc8 Rxc8 23. Bxd5 Rc1+ 24. Kg2 Bd7 25. Qb3 h5 26. Ne2 Re1 27. Bxf7+ Kh8 28. Nf4 Qe4+ 29. f3 Qf5 30. Qd5 Qxd5 31. Rxd5 Bc6 32.
Rxh5# 1-0

[Event "*** Titled Tuesday Blitz"]
[Site "Chess.com"]
[Date "2020.05.12"]
[Round "5"]
[White "bancsoo"]
[Black "vladislavkovalev"]
[Result "0-1"]
[WhiteElo "2757"]
[BlackElo "2914"]
[TimeControl "180+1"]
[EndTime "10:53:46 PDT"]
[Termination "vladislavkovalev won by resignation"]

1. d4 Nf6 2. Nf3 e6 3. g3 d5 4. Bg2 Be7 5. c4 O-O 6. Nc3 Nbd7 7. O-O dxc4 8. e4 b5 9. e5 Nd5 10. Nxb5 c5 11. Nc3 Bb7 12. Qe2 cxd4 13. Nxd4 Nxc3 14.
bxc3 Bxg2 15. Kxg2 Qc7 16. f4 Rab8 17. h4 Nc5 18. f5 exf5 19. Nxf5 Nd3 20. Qg4 g6 21. Bg5 Rb2+ 22. Kh3 Bxg5 23. Qxg5 Nf2+ 24. Rxf2 Rxf2 25.
Ne7+ Kg7 26. Qe3 Qd7+ 27. g4 Qd3 0-1

[Event "*** Titled Tuesday Blitz"]
[Site "Chess.com"]
[Date "2020.05.12"]
[Round "5"]
[White "bmt011"]
[Black "JozefKneht"]
[Result "0-1"]
[WhiteElo "2068"]
[BlackElo "2372"]
[TimeControl "180+1"]
[EndTime "10:53:47 PDT"]
[Termination "JozefKneht won by checkmate"]

1. d4 d5 2. Bf4 Nf6 3. e3 c5 4. c3 Nc6 5. Nf3 Qb6 6. Qb3 c4 7. Qc2 Bf5 8. Qc1 e6 9. Nbd2 Qd8 10. b3 b5 11. Ne5 Nxe5 12. dxe5 Ne4 13. a4 a6 14. f3 Nc5 15. axb5 axb5 16. Rxa8 Qxa8 17. b4 Nd3+ 18. Bxd3 Bxd3 19. Kf2 Be7 20. Qa1 Kd7 21. g4 Kc6 22. e4 d4 23. cxd4 Qxa1 24. Rxa1 Bxb4 25. Ra7 Bc3 26. Ke3 b4 27. Rxf7 Ra8 28. Rxg7 Ra2 29. d5+ exd5 30. exd5+ Kxd5 31. Ne4 Re2# 0-1

[Event "*** Titled Tuesday Blitz"]
[Site "Chess.com"]
[Date "2020.05.12"]
[Round "5"]
[White "LionTheLeon_06"]
[Black "zmeeed67"]
[Result "1-0"]
[WhiteElo "2671"]
[BlackElo "2426"]
[TimeControl "180+1"]
[EndTime "10:53:50 PDT"]
[Termination "LionTheLeon_06 won by resignation"]

1. Nf3 d5 2. g3 Nf6 3. Bg2 c5 4. O-O Nc6 5. d3 e6 6. b3 Be7 7. c4 O-O 8. Bb2 d4 9. e3 dxe3 10. fxe3 Qc7 11. d4 cxd4 12. exd4 Rd8 13. Qe2 b6 14.
Nc3 Bb7 15. Rad1 Rac8 16. Kh1 Qb8 17. d5 Nb4 18. dxe6 Re8 19. exf7+ Kxf7 20. Ng5+ Kg6 21.
Nce4 Nxe4 22. Nxe4 h6 23. Qg4+ Bg5 24. Qf5+ 1-0

[Event "*** Titled Tuesday Blitz"]
[Site "Chess.com"]
[Date "2020.05.12"]
[Round "5"]
[White "Rodalquilar"]
[Black "Logman74"]
[Result "1-0"]
[WhiteElo "2616"]
[BlackElo "2366"]
[TimeControl "180+1"]
[EndTime "10:53:52 PDT"]
[Termination "Rodalquilar won on time"]

1. d4 Nf6 2. Bg5 e6 3. e4 h6 4.
Bxf6 Qxf6 5. c3 c5 6. d5 exd5 7. exd5 Bd6 8. Nf3 O-O 9. Be2 b6 10. O-O Ba6 11. Na3 Re8 12. Re1 Bxe2 13. Rxe2 Na6 14. Nc4 Nc7 15. Ne3 Qf4 16. Qd3 Qe4 17. Qxe4 Rxe4 18. Rae1 Rae8 19. Kf1 g6 20. Nd2 R4e7 21.
Ndc4 Bxh2 22. d6 Bxd6 23. Nxd6 Ra8 24. Ng4 Re6 25. Nxh6+ Kg7 26. Nhxf7 Rf6 27. Re7 Nd5 28. Rxd7 Kf8 29. Ng5 Kg8 30. Re6 1-0

[Event "*** Titled Tuesday Blitz"]
[Site "Chess.com"]
[Date "2020.05.12"]
[Round "5"]
[White "attack2mateU"]
[Black "LiemLe"]
[Result "0-1"]
[WhiteElo "2621"]
[BlackElo "2950"]
[TimeControl "180+1"]
[EndTime "10:53:53 PDT"]
[Termination "LiemLe won by resignation"]

1. e4 e5 2. Nf3 Nc6 3. Bb5 a6 4. Ba4 Nf6 5. O-O Bc5 6. d3 b5 7. Bb3 O-O 8. Nc3 h6 9. Be3 Bxe3 10. fxe3 d6 11. Qe1 Na5 12. Nh4 Nxb3 13. axb3 Bd7 14. h3 g6 15. Rf3 Kg7 16. Qf2 Nh7 17. Rf1 Be6 18. b4 c6 19. d4 Ng5 20. Rf6 Bc4 21. Qg3 Bxf1 22. Rxf1 Qe7 23. d5 c5 24. bxc5 dxc5 25. Nf3 b4 26. Nxg5 bxc3 27. Nf3 cxb2 0-1

[Event "*** Titled Tuesday Blitz"]
[Site "Chess.com"]
[Date "2020.05.12"]
[Round "5"]
[White "isla88"]
[Black "Sesleria"]
[Result "1-0"]
[WhiteElo "2292"]
[BlackElo "1979"]
[TimeControl "180+1"]
[EndTime "10:53:55 PDT"]
[Termination "isla88 won by checkmate"]

1. d4 d5 2. Nc3 Nf6 3. Bf4 c6 4. e3 Qb6 5. a3 Bf5 6. b4 e6 7. Nf3 Nbd7 8. Ne5 Nxe5 9. dxe5 Nd7 10. h4 h6 11. g4 Bh7 12. Na4 Qc7 13. c4 Nxe5 14.
cxd5 O-O-O 15. Be2 Rxd5 16. Qb3 Bd6 17. O-O Nd3 18. Bxd6 Qxd6 19. Rfd1 Nxf2 20. Rxd5 Qg3+ 21. Kf1 exd5 22. b5 Re8 23. bxc6 Rxe3 24. Qxb7+ Kd8 25. Qd7# 1-0

[Event "*** Titled Tuesday Blitz"]
[Site "Chess.com"]
[Date "2020.05.12"]
[Round "5"]
[White "Borsuk_Konstantin"]
[Black "Baby_Shak"]
[Result "0-1"]
[WhiteElo "2642"]
[BlackElo "2479"]
[TimeControl "180+1"]
[EndTime "10:53:58 PDT"]
[Termination "Baby_Shak won by resignation"]

1. d4 d5 2. c4 Nc6 3. Nc3 Nf6 4. cxd5 Nxd5 5. e4 Nxc3 6. bxc3 e5 7. d5 Nb8 8. Nf3 Bd6 9. Be2 O-O 10. O-O Nd7 11. Bg5 f6 12. Be3 Qe7 13. Nh4 Nc5 14. Qc2 Qf7 15.
c4 b6 16. g4 g6 17. Kh1 Bd7 18. Rg1 Kh8 19. Nf3 Ba4 20. Qb1 Rg8 21. Nd2 Raf8 22. Nb3 Qe7 23. Rg3 Bd7 24. Qc2 f5 25. gxf5 gxf5 26.
Rxg8+ Rxg8 27. exf5 Qf6 28. Nxc5 bxc5 29. Rg1 Rxg1+ 30.
Kxg1 Bxf5 31. Bd3 Qg6+ 0-1

[Event "*** Titled Tuesday Blitz"]
[Site "Chess.com"]
[Date "2020.05.12"]
[Round "5"]
[White "viktorskliarov"]
[Black "gmcorrales"]
[Result "0-1"]
[WhiteElo "2589"]
[BlackElo "2794"]
[TimeControl "180+1"]
[EndTime "10:53:59 PDT"]
[Termination "gmcorrales won by resignation"]

1. e4 c5 2. Nf3 d6 3. d4 cxd4 4. Qxd4 Nc6 5. Bb5 Bd7 6. Bxc6 Bxc6 7. Nc3 Nf6 8. Bg5 e6 9. O-O-O h6 10. Bxf6 Qxf6 11.
Qxf6 gxf6 12. Nd4 Bd7 13. Rhe1 a6 14. f4 Rc8 15. Rd3 Rg8 16. g3 h5 17. a4 h4 18.
b3 Ke7 19. Kb2 Rc5 20. b4 Rh5 21. Kb3 hxg3 22. hxg3 Rh3 23. Ree3 Bh6 24. a5 Bg7 25. Na4 f5 26. exf5 Bxd4 27. Rxd4 Rgxg3 28. Rxg3 Rxg3+ 29. Nc3 e5 30. fxe5 dxe5 31. Rd5 f6 32. Kb2 Bxf5 33.
b5 Rg2 34. bxa6 Rxc2+ 35. Kb3 bxa6 36. Rc5 Kd6 37. Rd5+ Kc7 38. Rc5+ Kd7 39. Rd5+ Ke7 40. Rc5 Rd2 41. Nd5+ Rxd5 42. Rxd5 Be6 43. Kc4 Bxd5+ 44. Kxd5 Kd7 45. Kc5 Ke6 46. Kb6 e4 47. Kxa6 e3 48. Kb7 e2 49. a6 e1=Q 50. a7 Qh1+ 51. Kb8 f5 52. a8=Q Qxa8+ 53. Kxa8 f4 0-1

[Event "*** Titled Tuesday Blitz"]
[Site "Chess.com"]
[Date "2020.05.12"]
[Round "5"]
[White "Xeniya2005"]
[Black "Glidzhian_Gor"]
[Result "1-0"]
[WhiteElo "2280"]
[BlackElo "2459"]
[TimeControl "180+1"]
[EndTime "10:54:01 PDT"]
[Termination "Xeniya2005 won by resignation"]

1. e4 c5 2. Nf3 d6 3. d4 cxd4 4. Nxd4 Nf6 5. Nc3 Nc6 6. Nd5 Nxd5 7. exd5 Qa5+ 8. Bd2 Qxd5 9. Nb5 Kd8 10. Ba5+ Nxa5 11. Qxd5 e6 12. Qd2 Nc6 13. Nxd6 Ke7 14. Nxc8+ Rxc8 15. Bd3 f6 16. O-O Kf7 17. Rfe1 Bc5 18. Kh1 Ne5 19. Qe2 h5 20. f4 Nxd3 21. Qxe6+ Kg6 22.
cxd3 Rhd8 23. Qe4+ Kh6 24. Rac1 b6 25. f5 a5 26. d4 Bb4 27. Rxc8 Rxc8 28. Rf1 Kh7 29. Qh4 Bd2 30. Qxh5+ Kg8 31. g3 Rd8 32. Rd1 Bb4 33.
d5 Bd6 34. Qe2 Kh7 35. Rc1 Be5 36. Qe4 b5 37. Rc6 b4 38. Re6 Bxb2 39. Re7 Be5 40. Qh4+ Kg8 41. Qg4 1-0

[Event "*** Titled Tuesday Blitz"]
[Site "Chess.com"]
[Date "2020.05.12"]
[Round "5"]
[White "MYMChessAcademy"]
[Black "AliKa2810"]
[Result "0-1"]
[WhiteElo "2230"]
[BlackElo "2528"]
[TimeControl "180+1"]
[EndTime "10:54:02 PDT"]
[Termination "AliKa2810 won on time"]

1. d4 Nf6 2. c4 g6 3. Nf3 Bg7 4. g3 O-O 5. Bg2 c5 6. d5 b5 7. cxb5 a6 8. b6 d6 9. O-O Nbd7 10. Nc3 Nxb6 11. e4 a5 12. Re1 Nfd7 13. Bf4 Nc4 14. Qc2 Rb8 15. b3 Na3 16. Qd2 a4 17. e5 axb3 18. axb3 Rxb3 19. Rac1 dxe5 20. Nxe5 Nxe5 21. Bxe5 Bxe5 22. Rxe5 Nc4 23. Qe2 Nxe5 24. Qxe5 Qd6 25. Qe2 Ba6 26. Qa2 Rfb8 27. Ne4 Qb6 28. Nxc5 Rb1 0-1

[Event "*** Titled Tuesday Blitz"]
[Site "Chess.com"]
[Date "2020.05.12"]
[Round "5"]
[White "konradrutkowski"]
[Black "Milchone1"]
[Result "1-0"]
[WhiteElo "2264"]
[BlackElo "2477"]
[TimeControl "180+1"]
[EndTime "10:54:03 PDT"]
[Termination "konradrutkowski won by resignation"]

1. e4 g6 2. d4 Bg7 3. Nc3 c6 4. h3 d6 5. a4 Nf6 6. Be3 a5 7. Qd2 h5 8. Nf3 Na6 9. Bc4 Nb4 10. Bb3 d5 11. e5 Ng8 12. Ne2 Bf5 13. Ng3 Qd7 14. Nxf5 Qxf5 15. Nh4 Qe4 16. Nf3 Nh6 17. O-O Nf5 18. c3 Nxe3 19. fxe3 Bh6 20. Rae1 Qd3 21. Qxd3 Nxd3 22. Re2 e6 23. Rd1 Nxb2 24. Rxb2 Bxe3+ 25. Kf1 Kd7 26. Bc2 Rhb8 27. Rdb1 Kc7 28. Ke2 Bh6 29. Ne1 b6 30. Nd3 Rb7 31. Rf1 Rf8 32. Bb1 Kd7 33. Nc5+ bxc5 34. Rxb7+ Kc8 35. Rfxf7 1-0

[Event "*** Titled Tuesday Blitz"]
[Site "Chess.com"]
[Date "2020.05.12"]
[Round "5"]
[White "Bagirova"]
[Black "Steven_Rojas"]
[Result "0-1"]
[WhiteElo "2187"]
[BlackElo "2356"]
[TimeControl "180+1"]
[EndTime "10:54:03 PDT"]
[Termination "Steven_Rojas won by resignation"]

1. d4 d5 2. c4 e6 3. Nc3 Nf6 4.
cxd5 exd5 5. Bg5 Be7 6. e3 O-O 7. Bd3 h6 8. Bh4 c5 9. dxc5 Nc6 10. Nge2 Bxc5 11. Bxf6 Qxf6 12. O-O Be6 13. Rc1 Rfd8 14.
Qa4 Ne5 15. Bb1 Rac8 16. Nb5 Nc4 17. Nbd4 Nxb2 18. Qb3 Nc4 19. Qxb7 Bg4 20. Qb3 Nd2 21. Qd3 Nxf1 22. Qh7+ Kf8 23. Kxf1 Bxd4 24. Rxc8 Bxe2+ 25. Kxe2 Qa6+ 26. Bd3 Qxc8 27. exd4 Qg4+ 28. Kd2 Qxd4 29.
Qf5 Rb8 0-1

[Event "*** Titled Tuesday Blitz"]
[Site "Chess.com"]
[Date "2020.05.12"]
[Round "5"]
[White "ARMQUEEN"]
[Black "CMS13"]
[Result "1-0"]
[WhiteElo "2344"]
[BlackElo "2175"]
[TimeControl "180+1"]
[EndTime "10:54:03 PDT"]
[Termination "ARMQUEEN won by resignation"]

1. e4 e5 2. Nf3 Nc6 3. d4 exd4 4. Nxd4 Bc5 5. Nb3 Bb6 6. Nc3 d6 7. Qe2 Nf6 8. Bg5 h6 9. Be3 O-O 10. O-O-O Qe7 11. f3 Be6 12. g4 Nd7 13. h4 Bxb3 14. axb3 a5 15. Nd5 Qd8 16. g5 h5 17. Nxb6 Nxb6 18. f4 Nd7 19. Qxh5 a4 20. bxa4 Rxa4 21. Bd3 Ne7 22. e5 g6 23. Qf3 dxe5 24. h5 exf4 25.
Bxf4 Nf5 26. hxg6 fxg6 27. Qh3 Kf7 28. Qh7+ Ke6 29. Qxg6+ Ke7 30. Rh7+ 1-0

[Event "*** Titled Tuesday Blitz"]
[Site "Chess.com"]
[Date "2020.05.12"]
[Round "5"]
[White "RobertPrieb2007"]
[Black "CaspiIsrael"]
[Result "1-0"]
[WhiteElo "2350"]
[BlackElo "2627"]
[TimeControl "180+1"]
[EndTime "10:54:06 PDT"]
[Termination "RobertPrieb2007 won by checkmate"]

1. d4 f5 2. g4 fxg4 3. h3 d5 4. hxg4 Bxg4 5. Qd3 Nf6 6. f3 Bh5 7. Nh3 Bg6 8. Qb3 Nc6 9. Nf4 Bf7 10. e3 e5 11. Qxb7 Nb4 12. dxe5 Rb8 13. Qxa7 Nxc2+ 14. Kd1 Nxa1 15. exf6 g5 16. Bh3 Rb6 17. Qa4+ c6 18.
Qd4 Bd6 19. Ne6 Bxe6 20. Bxe6 Rf8 21. f7+ Ke7 22. Rh6 Bb4 23. Bg4 c5 24. Qe5+ Kxf7 25.
Rxh7+ Kg6 26. Qg7# 1-0

[Event "*** Titled Tuesday Blitz"]
[Site "Chess.com"]
[Date "2020.05.12"]
[Round "5"]
[White "oneshot007"]
[Black "MoonlighT89"]
[Result "1-0"]
[WhiteElo "2389"]
[BlackElo "2502"]
[TimeControl "180+1"]
[EndTime "10:54:07 PDT"]
[Termination "oneshot007 won by resignation"]

1. e4 c5 2. Nf3 e6 3. d4 cxd4 4. Nxd4 Nc6 5. Nb5 d6 6. Bf4 e5 7.
Be3 Be7 8. N1c3 a6 9. Nd5 Qa5+ 10.
Bd2 Qa4 11. Nbc7+ Kd8 12. Nc3 Qb4 13. Nxa8 Nf6 14. Bd3 Bg4 15. f3 Be6 16. Nd5 Qxb2 17.
Rb1 Qxa2 18. Rxb7 Nxd5 19. exd5 Bxd5 20. O-O Kc8 21. Qb1 Qa4 22. Nb6+ 1-0

[Event "*** Titled Tuesday Blitz"]
[Site "Chess.com"]
[Date "2020.05.12"]
[Round "5"]
[White "Man-Chuk"]
[Black "sandropozo"]
[Result "1-0"]
[WhiteElo "2716"]
[BlackElo "2555"]
[TimeControl "180+1"]
[EndTime "10:54:08 PDT"]
[Termination "Man-Chuk won by resignation"]

1. d4 d5 2. c4 e6 3. Nc3 c5 4. Nf3 Nc6 5. cxd5 exd5 6. e3 Nf6 7. Bb5 Bd6 8. dxc5 Bxc5 9. O-O O-O 10. b3 Bg4 11. Be2 a6 12. Bb2 Rc8 13. Rc1 Ba7 14. h3 Bf5 15. Bd3 Bg6 16. Bxg6 hxg6 17. Ne2 Ne4 18.
Nf4 Qa5 19. Qxd5 Qxa2 20. Bxg7 Kxg7 21. Qxe4 Qxb3 22. Rb1 Qc3 23. Rxb7 Qf6 24. Ne6+ 1-0

[Event "*** Titled Tuesday Blitz"]
[Site "Chess.com"]
[Date "2020.05.12"]
[Round "5"]
[White "Drags95"]
[Black "MasterKroket"]
[Result "1-0"]
[WhiteElo "2720"]
[BlackElo "2431"]
[TimeControl "180+1"]
[EndTime "10:54:08 PDT"]
[Termination "Drags95 won by resignation"]

1. e4 c5 2. Nf3 e6 3. d4 cxd4 4. Nxd4 Nc6 5. Nc3 Qc7 6. Qd3 Nxd4 7. Qxd4 b6 8. Nb5 Qc6 9. Bf4 d6 10. Bxd6 Bxd6 11. Nxd6+ Kf8 12. O-O-O Nf6 13. Bb5 Qc7 14. Rd3 a6 15. Rc3 Qd8 16. Bc6 Rb8 17. e5 Nd5 18.
Rf3 Qg5+ 19. Kb1 f5 20. Bxd5 exd5 21. Qxd5 Qg6 22. Nxc8 Rxc8 23. e6 Re8 24. Rxf5+ 1-0

[Event "*** Titled Tuesday Blitz"]
[Site "Chess.com"]
[Date "2020.05.12"]
[Round "5"]
[White "okriak"]
[Black "saikrishnaReturns"]
[Result "1-0"]
[WhiteElo "2800"]
[BlackElo "2592"]
[TimeControl "180+1"]
[EndTime "10:54:09 PDT"]
[Termination "okriak won by resignation"]

1. Nf3 Nf6 2. c4 g6 3. Nc3 Bg7 4. e4 d6 5. d4 O-O 6. h3 e5 7. dxe5 dxe5 8. Qxd8 Rxd8 9. Bg5 c6 10. Nxe5 Re8 11. O-O-O Na6 12. Nf3 Nc5 13. Nd2 a5 14. f3 Nh5 15. Nb3 Ne6 16. Be3 Ng3 17. Rg1 a4 18. Nd4 a3 19. b3 Rd8 20. Nxe6 Bxe6 21. Ne2 Nxf1 22. Rgxf1 b5 23. Nf4 bxc4 24. Nxe6 Rxd1+ 25. Rxd1 fxe6 26. bxc4 Ra4 27. Rd8+ Kf7 28. Rd7+ Kg8 29.
c5 Rc4+ 30. Kd2 Rb4 31. Kd3 Rb2 32. Rxg7+ Kxg7 33. Bd4+ Kh6 34. Bxb2 axb2 35. Kc2 1-0